 Dungeon Crawl Stone Soup version bcrawl-1.39.1 (webtiles) character file.

Game seed: 14963915406990371951

451796 zoran the Jinx (level 13, -1/94 HPs)
             Began as a Hill Orc Arcane Marksman on Sept 23, 2023.
             Was a High Priest of Hepliaklqana.
             Slain by Urug
             ... wielding a +6 great sword
              (28 damage)
             ... on level 5 of the Lair of Beasts on Sept 24, 2023.
             The game lasted 00:46:26 (13277 turns).

zoran the Jinx (Hill Orc Arcane Marksman)          Turns: 13277, Time: 00:46:26

Health: -1/94      AC:  9    Str: 18    XL:     13   Next: 22%
Magic:  20/20      EV: 15    Int: 16    God:    Hepliaklqana [*****.]
Gold:   584        SH:  0    Dex: 15    Spells: 5/22 levels left

rFire    + . .     GDR:     31% q - +0 short sword
rCold    . . .     SeeInvis .   (no shield)
rNeg     . . .     Gourm    .   J - +0 steam dragon scales
rPois    +         Faith    .   X - +0 hat
rElec    .         Spirit   .   I - +0 cloak
rCorr    .         Reflect  .   w - +0 pair of gloves {Str+3}
MR       .....                  K - +0 pair of boots of Haikhi {Dex+4}
Stlth    +++.......             D - amulet "Mozauk" {Regen +Fly rPois rC+}
HPRegen  0.85/turn              h - ring of fire
MPRegen  0.17/turn              (no ring)

@: no status effects
A: reduced essence
a: Recall Ancestor, Ancestor Identity, Transference, Incarnate, Renounce
Religion, Evoke Flight


You were on level 5 of the Lair of Beasts.
You worshipped Hepliaklqana.
Hepliaklqana was extremely pleased with you.
You were hungry.

You visited 2 branches of the dungeon, and saw 14 of its levels.
You also visited: Bailey and Gauntlet.

You collected 915 gold pieces.
You spent 331 gold pieces at shops.

Inventory:

Hand Weapons
 a - a +3 hand crossbow of venom
 q - a +0 short sword (weapon)
 G - a +0 arbalest
Missiles
 f - 889 bolts
 m - 110 tomahawks of dispersal {=f}
 p - 342 poisoned tomahawks (quivered)
 O - a throwing net {=f}
Armour
 c - a scarf of spirit shield
 w - a +0 pair of gloves of strength (worn)
 I - a +0 cloak (worn)
 J - +0 steam dragon scales (worn)
 K - the +0 pair of boots of Haikhi (worn) {Dex+4}
   (You found it on level 7 of the Dungeon)

   It affects your dexterity (+4).
 T - +0 swamp dragon scales
 X - a +0 hat (worn)
Magical Staves
 U - an uncursed staff of cold {unknown}
Jewellery
 b - an uncursed ring of magical power {unknown}
 h - a ring of fire (left hand)
 s - an uncursed amulet of rage
 D - the amulet "Mozauk" (around neck) {Regen +Fly rPois rC+}
   (You acquired it on level 6 of the Dungeon)

   [amulet of regeneration]

   It protects you from cold.
   It protects you from poison.
   It lets you fly.
 N - the ring "Viubbioh" {rF+ MR- Str+3 Dex+2 Slay+3}
   (You took it off an orc wizard on level 9 of the Dungeon)

   [ring of protection from fire]

   It affects your strength (+3).
   It affects your dexterity (+2).
   It affects your accuracy and damage with ranged weapons and melee attacks
   (+3).
   It protects you from fire.
   It affects your resistance to hostile enchantments.
Wands
 r - a wand of acid (1)
 C - a wand of charming (2)
 F - a wand of flame (52)
 L - a wand of disintegration (5)
 M - a wand of polymorph (11)
 Q - a wand of random effects (9)
 V - a wand of clouds (4)
 W - a wand of paralysis (9)
 Y - a wand of iceblast (6)
Scrolls
 d - 3 scrolls of revelation
 g - 2 scrolls of fear
 i - 5 scrolls of identify
 k - 2 scrolls of enchant weapon
 o - 3 scrolls of enchant armour
 t - 6 scrolls of teleportation
 v - 5 scrolls of fog
 x - 3 scrolls of amnesia
 A - 3 scrolls of immolation
 E - 5 scrolls of remove curse
 P - a scroll of vulnerability
 R - a scroll of brand weapon
Potions
 j - 3 potions of agility
 l - 3 potions of haste
 n - 4 potions of heal wounds
 u - 2 potions of mutation
 y - 5 potions of curing
 z - a potion of magic
 B - 2 potions of berserk rage
 H - 3 potions of lignification
 S - a potion of flight
 Z - a potion of cancellation {unknown}
Comestibles
 e - 29 rations {!d}


   Skills:
 - Level 7.0 Fighting
   Level 7.0 Short Blades
   Level 7.0 Long Blades
   Level 7.0 Axes
   Level 7.0 Maces & Flails
   Level 7.0 Polearms
   Level 7.0 Staves
 + Level 8.5 Crossbows
 - Level 5.0 Throwing
 - Level 5.0 Armour
 - Level 5.0 Dodging
 - Level 5.0 Stealth
   Level 7.0 Unarmed Combat
 - Level 5.0 Spellcasting
 - Level 10.0 Hexes
 - Level 5.0 Transmutations
 - Level 5.0 Fire Magic
 - Level 5.0 Invocations
 + Level 7.1 Evocations


You had 5 spell levels left.
You knew the following spells:

 Your Spells              Type           Power        Failure   Level  Hunger
f - Inner Flame           Hex/Fire       N/A          1%          3    ###....
i - Yara's Violent Unrav  Hex/Tmut       ####......   7%          4    #####..
m - Cause Fear            Hex            #####.....   2%          4    #####..
u - Shackle               Hex            #####...     1%          2    None
y - False Image           Hex/Summ       ###.....     6%          3    ###....
z - Corona                Hex            #####..      1%          1    None

Your spell library contained the following spells:

 Spells                   Type           Power        Failure   Level  Hunger
 Summon Small Mammal      Summ           #...         16%         1    None
 Call Imp                 Summ           #.....       22%         2    None
 Call Canine Familiar     Summ           #.......     41%         3    ###....
 Summon Ice Beast         Ice/Summ       #.......     83%         4    #####..
 Summon Lightning Spire   Summ/Air       #.......     99%         5    ######.


Dungeon Overview and Level Annotations

Branches:
Dungeon (9/12)             Temple (0/1) D:5            Lair (5/6) D:7
 Shoals (0/3) Lair:3        Snake (0/3) Lair:4          Elf (0/3) Lair:5
    Orc: D:8-11

Altars:
Ashenzari
Elyvilon
Gozag
Hepliaklqana
Lugonu
Qazlal
Ru
Uskayaw
Wu Jian
Yredelemnul
The Shining One

Shops:
D:6 (*?[?

Portals:
Trove: D:8 (give +7 great mace)

Annotations:
Lair:5 Urug


Message History

Takurtum barely misses Urug.
Urug is engulfed in negative energy.
Urug is drained!
Urug closely misses you.
You barely miss Urug.
Urug is heavily wounded.
Takurtum hits Urug with a +0 war axe of flaming.
Takurtum burns Urug.
You are feeling hungry.
You hit Urug but do no damage.
Urug is severely wounded.
Urug is engulfed in negative energy.
Urug is drained!
Urug hits you with a +6 great sword!!
* * * LOW HITPOINT WARNING * * *
You hit Urug but do no damage.
Urug is almost dead.
Takurtum closely misses Urug.
You closely miss Urug.
Urug is almost dead.
Urug is engulfed in negative energy.
Urug is drained!
Urug hits you with a +6 great sword!!
You die...

#....# ##.. ##..##
###.## #P..# ##...#
##.R## ####....#
#..#.# ###.#....##
##..## .##.....###
#....# .§§.......##
###..##§§§§..#....)##
#...@o§§#.. ####...#
#.#..R####. #....#
#.P.### #....# #...#
##P..# ##.## ###...##
.# ###..#...# ..
#...#....# ..
##........#
#..........


You could see the friendly Takurtum the knight and Urug.

Vanquished Creatures
  A hydra (Lair:3)
  2 death yaks
  4 elephants
  5 cane toads
  A black mamba (Lair:2)
  A torpor snail (Lair:2)
  A komodo dragon (Lair:5)
  A rime drake (Lair:4)
  A troll (D:5)
  2 blink frogs (Lair:3)
  A hippogriff (Lair:1)
  5 dream sheep (Lair:5)
  Grum (Lair:4)
  Sigmund (D:5)
  2 yaks (Lair:1)
  A steam dragon (D:8)
  A hungry ghost (D:9)
  A naga (Lair:4)
  5 crocodiles
  4 water moccasins
  6 porcupines
  2 black bears (D:7)
  2 phantoms
  2 sky beasts
  2 wolves (Lair:1)
  3 ogres
  7 bullfrogs
  2 centaurs
  A scorpion (D:4)
  3 killer bees
  2 howler monkeys (D:9)
  An electric eel (Lair:2)
  An orc priest (D:8)
  A crimson imp (D:8)
  A jelly (D:8)
  An orc wizard (D:9)
  A bullfrog skeleton (D:6)
  An iguana (D:6)
  9 worker ants
  A hell rat (Lair:3)
  2 hound skeletons
  5 gnolls
  9 adders
  A shadow imp (D:6)
  An adder zombie (D:6)
  3 oozes (D:2)
  An adder skeleton (D:5)
  3 worms
  3 dart slugs
  7 leopard geckos
  8 orcs
  8 bats
  A giant cockroach (D:2)
  9 goblins
  8 hobgoblins
  13 jackals
  15 kobolds
  5 quokkas
  A ball python (D:2)
  2 frilled lizards
  6 rats
201 creatures vanquished.

Vanquished Creatures (collateral kills)
  Nessos (Lair:5)
  4 death yaks
  A wolf spider zombie (D:9)
  3 elephants
  A yaktaur (Lair:5)
  3 komodo dragons
  A polar bear (Lair:3)
  A blink frog (Lair:3)
  2 hornets
  4 hippogriffs
  A spriggan (D:7)
  3 yaks
  A steam dragon (Lair:5)
  3 crocodiles
  2 nagas (Lair:4)
  4 water moccasins
  2 ice beasts
  3 orc warriors (Bailey)
  A soldier ant (Lair:3)
  A sky beast (D:9)
  A necrophage (D:7)
  3 ogres
  6 wolves
  5 bullfrogs
  A gnoll sergeant (D:9)
  A centaur (D:9)
  A scorpion (D:6)
  3 killer bees (D:9)
  A howler monkey (D:9)
  A bullfrog zombie (D:7)
  A hound (D:9)
  A jelly (D:8)
  An orc wizard (D:8)
  An iguana (D:7)
  3 worker ants
  A hell rat (Lair:3)
  2 hound skeletons
  A howler monkey skeleton (D:4)
  A worker ant zombie (D:8)
  7 gnolls
  2 adders (D:4)
  A shadow imp (D:7)
  An ooze (D:7)
  An adder skeleton (D:7)
  2 leopard geckos (D:3)
  5 orcs (D:8)
  3 goblins
  A hobgoblin (Bailey)
  2 jackals (D:3)
  A kobold (Bailey)
  A quokka (D:3)
  2 plants (Lair:3)
106 creatures vanquished.

Vanquished Creatures (others)
  A troll (D:9)
  A harpy skeleton (D:9)
  A hornet (D:7)
  4 porcupines
  A water moccasin (D:7)
  A black bear (D:7)
  2 centaurs (Lair:3)
  3 killer bees
  2 orc wizards
  2 knights (D:9)
  3 hell rats (Lair:3)
  A worker ant (D:7)
  4 gnolls
  9 ancestors
  3 orcs
  A kobold (Bailey)
  17 fungi
  17 plants
73 creatures vanquished.

Grand Total: 380 creatures vanquished

Notes
Turn   | Place    | Note
-------+----------+-------------------------------------------
     0 | D:1      | zoran the Hill Orc Arcane Marksman began the quest for the
                  | Orb.
     0 | D:1      | Reached XP level 1. HP: 16/16 MP: 3/3
    86 | D:1      | Reached XP level 2. HP: 20/23 MP: 5/5
    92 | D:1      | Learned a level 2 spell: Shackle
   309 | D:1      | Reached XP level 3. HP: 29/29 MP: 6/6
  1022 | D:2      | Reached XP level 4. HP: 21/36 MP: 7/7
  1138 | D:2      | Learned a level 3 spell: Inner Flame
  1693 | D:2      | Reached XP level 5. HP: 28/41 MP: 1/8
  2138 | D:3      | Found a stormy altar of Qazlal.
  2278 | D:3      | Reached skill level 4 in Hexes
  2411 | D:3      | Found a hazy altar of Hepliaklqana.
  2416 | D:3      | Became a worshipper of Hepliaklqana the Forgotten
  2722 | D:3      | Noticed an ogre
  2759 | D:3      | Killed an ogre
  2760 | D:3      | Reached skill level 1 in Stealth
  2760 | D:3      | Reached skill level 1 in Invocations
  2760 | D:3      | Reached XP level 6. HP: 43/43 MP: 6/10
  3080 | D:4      | Reached skill level 1 in Evocations
  3172 | D:4      | Reached XP level 7. HP: 50/50 MP: 1/11
  3288 | D:4      | Found an ornate altar of the Wu Jian Council.
  3724 | D:4      | Found a corrupted altar of Lugonu.
  3816 | D:5      | Entered Level 5 of the Dungeon
  3855 | D:5      | Found a hide-covered altar of Uskayaw.
  4090 | D:5      | Noticed Sigmund
  4094 | D:5      | Reached skill level 5 in Fighting
  4094 | D:5      | Reached XP level 8. HP: 61/61 MP: 3/12
  4102 | D:5      | Killed Sigmund
  4103 | D:5      | Reached skill level 1 in Armour
  4209 | D:5      | Reached * piety under Hepliaklqana
  4266 | D:5      | Found a sacrificial altar of Ru.
  4324 | D:5      | Noticed a troll
  4344 | D:5      | Killed a troll
  4434 | D:5      | Found a staircase to the Ecumenical Temple.
  4680 | D:5      | Found a glowing golden altar of the Shining One.
  4690 | D:5      | Reached skill level 5 in Hexes
  4963 | D:6      | Found Luude's Weapon Shoppe.
  5078 | D:6      | Reached XP level 9. HP: 60/67 MP: 11/16
  5113 | D:6      | Found Roudaagg's General Store.
  5138 | D:6      | Found Kurr's Magic Scroll Emporium.
  5143 | D:6      | Bought a scroll of teleportation for 39 gold pieces
  5143 | D:6      | Bought a scroll of identify for 26 gold pieces
  5151 | D:6      | Bought a scroll of remove curse for 39 gold pieces
  5151 | D:6      | Bought a scroll of remove curse for 39 gold pieces
  5151 | D:6      | Bought a scroll of revelation for 52 gold pieces
  5151 | D:6      | Bought a scroll of identify for 26 gold pieces
  5151 | D:6      | Bought a scroll of teleportation for 39 gold pieces
  5151 | D:6      | Identified a scroll of acquirement
  5152 | D:6      | Identified the +0 plate armour of Nihilism {rN++ Regen+}
                  | (You acquired it on level 6 of the Dungeon)
  5152 | D:6      | Identified the amulet "Mozauk" {Regen +Fly rPois rC+} (You
                  | acquired it on level 6 of the Dungeon)
  5152 | D:6      | Identified the Guide on Venom and Heat (You acquired it on
                  | level 6 of the Dungeon)
  5237 | D:6      | Noticed a hornet
  5242 | D:6      | Killed a hornet
  5243 | D:6      | Reached skill level 5 in Spellcasting
  5243 | D:6      | Reached skill level 1 in Fire Magic
  5290 | D:6      | Found Maptud's Antique Armour Boutique.
  5526 | D:6      | Found Zoudimann's Magic Scroll Shoppe.
  5536 | D:6      | Bought a scroll of identify for 26 gold pieces
  5536 | D:6      | Bought a scroll of immolation for 45 gold pieces
  5868 | D:7      | Reached ** piety under Hepliaklqana
  5887 | D:7      | Noticed a hornet
  5916 | D:7      | Reached skill level 5 in Crossbows
  5916 | D:7      | Killed a hornet
  6062 | D:7      | Reached skill level 5 in Fire Magic
  6104 | D:7      | Found a staircase to the Lair.
  6129 | D:7      | Reached XP level 10. HP: 77/77 MP: 12/17
  6137 | D:7      | Remembered your ancestor Takurtum as a knight
  6243 | D:7      | Got a pair of fine boots
  6362 | D:7      | Reached skill level 5 in Armour
  6464 | D:7      | Learned a level 4 spell: Cause Fear
  6469 | D:7      | Identified the +0 pair of boots of Haikhi {Dex+4} (You
                  | found it on level 7 of the Dungeon)
  6582 | D:8      | Found a flagged portal.
  6598 | Bailey   | Entered a bailey
  6774 | Bailey   | Found an iron altar of Okawaru.
  6910 | D:8      | Found a portal to a secret trove of treasure.
  7050 | D:8      | Found an opulent altar of Gozag.
  7055 | D:8      | Found a shattered altar of Ashenzari.
  7056 | D:8      | Found a basalt altar of Yredelemnul.
  7119 | D:8      | Found a white marble altar of Elyvilon.
  7163 | D:8      | Reached skill level 6 in Hexes
  7197 | D:8      | Reached skill level 1 in Throwing
  7546 | D:9      | Reached skill level 5 in Dodging
  7578 | D:9      | Reached skill level 7 in Hexes
  7642 | D:9      | Reached XP level 11. HP: 82/82 MP: 7/18
  7694 | D:9      | Identified the ring "Viubbioh" {rF+ MR- Str+3 Dex+2 Slay+3}
  7758 | D:9      | Reached *** piety under Hepliaklqana
  8114 | D:9      | Learned a level 4 spell: Yara's Violent Unravelling
  8193 | Lair:1   | Entered Level 1 of the Lair of Beasts
  8215 | Lair:1   | Reached skill level 5 in Throwing
  8226 | Lair:1   | Reached skill level 8 in Hexes
  8236 | Lair:1   | Reached skill level 1 in Transmutations
  8676 | Lair:1   | Reached **** piety under Hepliaklqana
  9398 | Lair:2   | Found a gate leading to a gauntlet.
  9400 | Lair:2   | Noticed a death yak
  9407 | Lair:2   | Noticed a death yak
  9415 | Lair:2   | Killed a death yak
  9418 | Lair:2   | Killed a death yak
  9442 | Gauntlet | Entered a Gauntlet
  9442 | Gauntlet | Found a transporter.
  9442 | Gauntlet | Found a transporter.
  9447 | Gauntlet | Found a transporter.
  9462 | Gauntlet | Found a transporter.
  9479 | Gauntlet | Found a transporter.
  9487 | Gauntlet | Noticed a thrashing horror
  9487 | Gauntlet | Noticed a thrashing horror
  9494 | Gauntlet | Found a transporter.
  9508 | Gauntlet | Found a transporter.
  9576 | Gauntlet | Found a transporter.
  9577 | Gauntlet | Noticed a death ooze
  9591 | Gauntlet | Found a transporter.
  9606 | Gauntlet | Found a transporter.
  9622 | Gauntlet | Found a transporter.
  9634 | Gauntlet | Noticed a spectral wolf spider
  9634 | Gauntlet | Noticed a spectral wolf spider
  9635 | Gauntlet | Noticed a death drake
  9636 | Gauntlet | Found a transporter.
  9709 | Gauntlet | Found a transporter.
  9713 | Gauntlet | Found a transporter.
  9723 | Gauntlet | Noticed a dire elephant
  9724 | Gauntlet | Noticed a dire elephant
  9728 | Gauntlet | Found a transporter.
  9750 | Gauntlet | Found a transporter.
 10294 | Lair:2   | Reached skill level 5 in Stealth
 10294 | Lair:2   | Reached skill level 9 in Hexes
 10294 | Lair:2   | Reached skill level 5 in Invocations
 10294 | Lair:2   | Reached XP level 12. HP: 78/90 MP: 13/19
 10887 | Lair:3   | Learned a level 3 spell: False Image
 10889 | Lair:3   | Reached ***** piety under Hepliaklqana
 11227 | Lair:3   | Noticed a five-headed hydra
 11234 | Lair:3   | Killed a five-headed hydra
 11235 | Lair:3   | Reached skill level 5 in Evocations
 11317 | Lair:3   | Noticed Sonja
 11321 | Lair:3   | Noticed Sonja
 11321 | Lair:3   | Sonja changed into Sonja the soldier ant
 11326 | Lair:3   | Killed Sonja the soldier ant
 11443 | Lair:3   | Found a staircase to the Shoals.
 11800 | Lair:4   | Found a staircase to the Snake Pit.
 11844 | Lair:4   | Noticed Grum
 11849 | Lair:4   | Reached skill level 10 in Hexes
 11852 | Lair:4   | Killed Grum
 11856 | Lair:4   | Noticed a death yak
 11858 | Lair:4   | Noticed a death yak
 11860 | Lair:4   | Noticed a death yak
 11878 | Lair:3   | Killed a death yak
 11879 | Lair:3   | Reached skill level 5 in Transmutations
 11952 | Lair:4   | Noticed a death yak
 11965 | Lair:3   | Killed a death yak
 12011 | Lair:4   | Killed a death yak
 12013 | Lair:4   | Killed a death yak
 12606 | Lair:5   | Reached XP level 13. HP: 72/94 MP: 15/20
 12670 | Lair:5   | Found a staircase to the Elven Halls.
 12963 | Lair:5   | Noticed Nessos
 12972 | Lair:5   | Killed Nessos
 13265 | Lair:5   | Noticed Urug
 13277 | Lair:5   | Slain by Urug

Skill      XL: |  1  2  3  4  5  6  7  8  9 10 11 12 13 |
---------------+----------------------------------------+-----
Crossbows      | 3 4 5 7 8 |  8.5
Fighting       | 2 5 6 7 |  7.0
Dodging        | 2 5 |  5.0
Hexes          | 4 5 7 9 10 | 10.0
Spellcasting   | 3 4 5 |  5.0
Stealth        | 1 2 5 |  5.0
Invocations    | 1 2 5 |  5.0
Evocations     | 2 4 5 7 |  7.1
Armour         | 2 3 5 |  5.0
Fire Magic     | 5 |  5.0
Throwing       | 4 5 |  5.0
Transmutations | 2 5 |  5.0
Short Blades   | |  7.0
Long Blades    | |  7.0
Axes           | |  7.0
Maces & Flails | |  7.0
Polearms       | |  7.0
Staves         | |  7.0
Unarmed Combat | |  7.0

Action                   |  1- 3 |  4- 6 |  7- 9 | 10-12 | 13-15 || total
-------------------------+-------+-------+-------+-------+-------++-------
Melee: Dagger            |    10 |   104 |    90 |    63 |       ||   267
       Punch             |       |       |     3 |     6 |     1 ||    10
       Short sword       |       |       |       |   175 |    44 ||   219
 Fire: Hand crossbow     |    79 |    65 |    60 |   130 |    20 ||   354
Throw: Tomahawk          |       |    18 |    54 |   151 |     9 ||   232
 Cast: Corona            |     3 |    24 |    23 |    30 |       ||    80
       Shackle           |       |    17 |    23 |    35 |       ||    75
       Inner Flame       |       |     1 |    13 |    26 |       ||    40
       False Image       |       |       |       |     1 |       ||     1
Invok: Ancestor Identity |       |     1 |       |       |       ||     1
       Recall Ancestor   |       |     1 |       |     4 |       ||     5
       Ancestor Life: Kn |       |       |       |     1 |       ||     1
Evoke: Wand              |       |       |       |    16 |     6 ||    22
  Use: Scroll            |       |       |    14 |    11 |       ||    25
       Potion            |       |       |       |     1 |       ||     1
 Stab: Sleeping          |       |     1 |     5 |     8 |     2 ||    16
       Betrayed ally     |       |       |       |     3 |       ||     3
       Distracted        |       |       |       |     2 |       ||     2
       Confused          |       |       |       |       |     1 ||     1
  Eat: Chunk             |     3 |    13 |    15 |    24 |     4 ||    59
       Ration            |       |       |     1 |     4 |       ||     5
Armor: Robe              |     9 |    16 |    16 |     2 |       ||    43
       Ring mail         |       |       |       |    19 |       ||    19
       Steam dragon scal |       |       |       |    75 |     6 ||    81
Dodge: Dodged            |    23 |   114 |    65 |   226 |    23 ||   451
